PUBAAA
MISSION BAY MOUNTAIN DUCKS @ REGINA ROUGHRIDERS
06/30/1972
 
TOP OF THE 1ST
Mission Bay Mountain Ducks batting - Pitching for Regina Roughriders : LHP Javier Sandoval
Pitching: LHP Javier Sandoval
Batting: RHB Eric O'Neill 0-0: Called Strike
0-1: TRIPLE (Flyball, 89XD, EV 96.9 MPH)
Batting: LHB Jim Burke 0-0: Ball
1-0: Foul Ball, location: 2F
1-1: Ball
2-1: Foul Ball, location: 7LMF
2-2: Foul Ball, location: 25F
2-2: Foul Ball, location: 2F
2-2: Strikes out looking
Batting: RHB Jochen Blonke 0-0: Called Strike
0-1: Foul Ball, location: 2F
0-2: Ball
1-2: Strikes out looking
Batting: RHB Denis Menke 0-0: Ball
1-0: Called Strike
1-1: Called Strike
1-2: Ball
2-2: Foul Ball, location: 9LDF
2-2: Ball
3-2: Ground out 6-3 (Groundball, 56, EV 85.6 MPH)
Top of the 1st over - 0 runs, 1 hit, 0 errors, 1 left on base; Mission Bay 0 - Regina 0
BOTTOM OF THE 1ST
Regina Roughriders batting - Pitching for Mission Bay Mountain Ducks : RHP Herb Burnett
Pitching: RHP Herb Burnett
Batting: RHB Aaron Mitchell 0-0: Ball
1-0: Ball
2-0: Foul Ball, location: 2F
2-1: Ball
3-1: Base on Balls
Batting: RHB Ronald Lawson 0-0: Ball
Aaron Mitchell steals 2nd base
1-0: Ground out 4-3 (Groundball, 4S, EV 90.6 MPH)
Aaron Mitchell to third
Batting: LHB Will Lambert 0-0: Ball
1-0: Called Strike
1-1: Called Strike
1-2: Foul Ball, location: 9LSFF
1-2: Ball
2-2: Ball
3-2: Foul Ball, location: 25FF
3-2: Ground out 4-3 (Groundball, 34D, EV 103.1 MPH)
Aaron Mitchell scores
Batting: LHB Mike Dynan 0-0: Ball
1-0: Ball
2-0: Swinging Strike
2-1: Foul Ball, location: 2F
2-2: Ball
3-2: Foul Ball, location: 7LDF
3-2: Foul Ball, location: 2F
3-2: SINGLE (Line Drive, 56D, EV 104.4 MPH)
Batting: RHB Robbie MacColl 0-0: Called Strike
0-1: Ball
1-1: Ball
2-1: Swinging Strike
2-2: Foul Ball, location: 2F
2-2: Strikes out swinging
Bottom of the 1st over - 1 run, 1 hit, 0 errors, 1 left on base; Mission Bay 0 - Regina 1
TOP OF THE 2ND
Mission Bay Mountain Ducks batting - Pitching for Regina Roughriders : LHP Javier Sandoval
Batting: LHB Martin Dalton 0-0: SINGLE (Line Drive, 4M, EV 96.3 MPH)
Batting: RHB Daniel Bonner 0-0: Ball
Martin Dalton is caught stealing 2nd base 2-4
1-0: Called Strike
1-1: Ground out 4-3 (Groundball, 4, EV 107.5 MPH)
Batting: LHB Mike Fiore 0-0: Called Strike
0-1: Ball
1-1: Ball
2-1: Ground out U3 (Groundball, 3L, EV 86.9 MPH)
Top of the 2nd over - 0 runs, 1 hit, 0 errors, 0 left on base; Mission Bay 0 - Regina 1
BOTTOM OF THE 2ND
Regina Roughriders batting - Pitching for Mission Bay Mountain Ducks : RHP Herb Burnett
Batting: RHB Elwood Doiron 0-0: Called Strike
0-1: Ball
1-1: Foul Ball, location: 2F
1-2: Ball
2-2: SINGLE (Groundball, 34D, EV 105.6 MPH)
Batting: SHB George Jenkins 0-0: Ball
1-0: Bunted foul
1-1: Ball
2-1: Sac Bunt - play at second, runner OUT -> throw to first, DP!
Batting: RHB Aaron Stevens 0-0: Ball
1-0: Swinging Strike
1-1: Ball
2-1: Ball
3-1: Base on Balls
Batting: RHB Jeronimo Alavartido 0-0: Swinging Strike
0-1: Swinging Strike
0-2: Fielders Choice at 2nd, 6-4 (Groundball, 6, EV 78.8 MPH)
Bottom of the 2nd over - 0 runs, 1 hit, 0 errors, 1 left on base; Mission Bay 0 - Regina 1
TOP OF THE 3RD
Mission Bay Mountain Ducks batting - Pitching for Regina Roughriders : LHP Javier Sandoval
Batting: RHB Mike Bishop 0-0: Called Strike
0-1: Ball
1-1: Ball
2-1: Called Strike
2-2: Strikes out looking
Batting: RHB Frank Fernandez 0-0: Foul Ball, location: 2LF
0-1: Called Strike
0-2: Foul Ball, location: 5F
0-2: Ground out 6-3 (Groundball, 56, EV 84.4 MPH)
Batting: RHB Eric O'Neill 0-0: Ball
1-0: Ball
2-0: Called Strike
2-1: SINGLE (Groundball, 4M, EV 68.1 MPH) (infield hit)
Batting: LHB Jim Burke 0-0: Called Strike
0-1: Ball
1-1: Ball
2-1: TRIPLE (Flyball, 78XD, EV 87.5 MPH)
Eric O'Neill scores
Batting: RHB Jochen Blonke 0-0: Ball
1-0: Ball
2-0: Called Strike
2-1: Foul Ball, location: 3SF
2-2: Foul Ball, location: 25FF
2-2: Ground out 5-3 (Groundball, 5, EV 86.3 MPH)
Top of the 3rd over - 1 run, 2 hits, 0 errors, 1 left on base; Mission Bay 1 - Regina 1
BOTTOM OF THE 3RD
Regina Roughriders batting - Pitching for Mission Bay Mountain Ducks : RHP Herb Burnett
Batting: RHB Aaron Mitchell 0-0: Called Strike
0-1: Ball
1-1: Ground out 6-3 (Groundball, 6, EV 88.1 MPH)
Batting: RHB Ronald Lawson 0-0: Ball
1-0: Ball
2-0: Foul Ball, location: 25FF
2-1: DOUBLE (Flyball, 78D, EV 90.6 MPH)
Batting: LHB Will Lambert 0-0: Fly out, F6 (Popup, 6D, EV 40.6 MPH)
Batting: LHB Mike Dynan 0-0: Called Strike
0-1: Ball
1-1: Ball
2-1: 2-RUN HOME RUN (Line Drive, 78XD, EV 106.9 MPH), Distance : 426 ft
Batting: RHB Robbie MacColl 0-0: Ground out 6-3 (Groundball, 6, EV 95.6 MPH)
Bottom of the 3rd over - 2 runs, 2 hits, 0 errors, 0 left on base; Mission Bay 1 - Regina 3
TOP OF THE 4TH
Mission Bay Mountain Ducks batting - Pitching for Regina Roughriders : LHP Javier Sandoval
Batting: RHB Denis Menke 0-0: Called Strike
0-1: Ground out 6-3 (Groundball, 56, EV 109.4 MPH)
Batting: LHB Martin Dalton 0-0: Ball
1-0: Called Strike
1-1: SOLO HOME RUN (Flyball, 9D, EV 98.1 MPH), Distance : 388 ft
Batting: RHB Daniel Bonner 0-0: Ball
1-0: Called Strike
1-1: Ground out 1-3 (Groundball, 13, EV 66.9 MPH)
Batting: LHB Mike Fiore 0-0: Ground out 5-3 (Groundball, 5S, EV 90.0 MPH)
Top of the 4th over - 1 run, 1 hit, 0 errors, 0 left on base; Mission Bay 2 - Regina 3
BOTTOM OF THE 4TH
Regina Roughriders batting - Pitching for Mission Bay Mountain Ducks : RHP Herb Burnett
Batting: RHB Elwood Doiron 0-0: Ball
1-0: Ball
2-0: Foul Ball, location: 2F
2-1: Foul Ball, location: 2F
2-2: SINGLE (Groundball, 3D, EV 96.9 MPH)
Batting: SHB George Jenkins 0-0: Bunted foul
0-1: Sac Bunt to 3S - play at second, runner OUT! 3-6
Batting: RHB Aaron Stevens 0-0: Called Strike
0-1: Swinging Strike
0-2: Ball
1-2: Foul Ball, location: 2F
1-2: Ball
2-2: Foul Ball, location: 9LDF
2-2: Ball
3-2: Foul Ball, location: 2F
3-2: Foul Ball, location: 25F
3-2: Foul Ball, location: 9LMF
3-2: Foul Ball, location: 25F
3-2: SINGLE (Line Drive, 56, EV 104.4 MPH)
George Jenkins to second
Batting: RHB Jeronimo Alavartido 0-0: Hit by Pitch
George Jenkins to third
Aaron Stevens to second
Batting: RHB Aaron Mitchell 0-0: Swinging Strike
0-1: Fly out, F7 (Flyball, 78D, EV 101.3 MPH)
Runner from 3rd tags up, SCORES, throw by LF
Aaron Stevens to third
Batting: RHB Ronald Lawson 0-0: Called Strike
0-1: Ball
1-1: Swinging Strike
1-2: Ball
2-2: DOUBLE (Line Drive, 78D, EV 105.0 MPH)
Aaron Stevens scores
Jeronimo Alavartido to third
Batting: LHB Will Lambert 0-0: Swinging Strike
0-1: Fly out, F6 (Popup, 6M, EV 57.5 MPH)
Bottom of the 4th over - 2 runs, 3 hits, 0 errors, 2 left on base; Mission Bay 2 - Regina 5
TOP OF THE 5TH
Mission Bay Mountain Ducks batting - Pitching for Regina Roughriders : LHP Javier Sandoval
Batting: RHB Mike Bishop 0-0: Called Strike
0-1: Called Strike
0-2: Foul Ball, location: 2F
0-2: Ball
1-2: Hit by Pitch
Batting: RHB Frank Fernandez 0-0: Called Strike
0-1: Ball
1-1: Foul Ball, location: 2F
1-2: Grounds into double play, 6-4-3 (Groundball, 6, EV 105.0 MPH)
Batting: RHB Eric O'Neill 0-0: Ball
1-0: Ball
2-0: Ball
3-0: Base on Balls
Batting: LHB Jim Burke 0-0: Called Strike
0-1: Ball
1-1: Ball
2-1: Ground out 4-3 (Groundball, 34D, EV 102.5 MPH)
Top of the 5th over - 0 runs, 0 hits, 0 errors, 1 left on base; Mission Bay 2 - Regina 5
BOTTOM OF THE 5TH
Regina Roughriders batting - Pitching for Mission Bay Mountain Ducks : RHP Herb Burnett
Batting: LHB Mike Dynan 0-0: Ball
1-0: Ball
2-0: Ball
3-0: Base on Balls
Batting: RHB Robbie MacColl 0-0: Called Strike
0-1: Ball
1-1: Swinging Strike
1-2: Strikes out looking
Pitching: RHP Steve Renko
Batting: RHB Elwood Doiron 0-0: Foul Ball, location: 5F
0-1: Reached via error on a dropped throw from P, E3 (Groundball, P, EV 63.1 MPH)
Mike Dynan to second
Batting: SHB George Jenkins 0-0: Ball
1-0: Called Strike
1-1: SINGLE (Groundball, 34, EV 84.4 MPH)
Mike Dynan to third
Elwood Doiron to second
Runner from 3rd tries for Home, SAFE, throw by RF to home
Batting: RHB Aaron Stevens 0-0: Ball
1-0: Ball
2-0: Swinging Strike
2-1: Ball
3-1: Called Strike
3-2: Foul Ball, location: 2F
3-2: SINGLE (Groundball, 34D, EV 96.9 MPH)
Elwood Doiron to third
George Jenkins to second
Runner from 3rd tries for Home, throw by RF and OUT! 9-2
George Jenkins to third
Aaron Stevens to second
Batting: RHB Jeronimo Alavartido 0-0: Ball
1-0: Ground out 5-3 (Groundball, 56, EV 89.4 MPH)
Bottom of the 5th over - 1 run, 2 hits, 1 error, 2 left on base; Mission Bay 2 - Regina 6
TOP OF THE 6TH
Mission Bay Mountain Ducks batting - Pitching for Regina Roughriders : LHP Javier Sandoval
Batting: RHB Jochen Blonke 0-0: Swinging Strike
0-1: Ball
1-1: Ball
2-1: Ground out 6-3 (Groundball, 6M, EV 81.3 MPH)
Batting: RHB Denis Menke 0-0: Called Strike
0-1: Foul Ball, location: 2F
0-2: Foul Ball, location: 5DF
0-2: Foul Ball, location: 2F
0-2: Ball
1-2: Foul Ball, location: 2F
1-2: Foul Ball, location: 2F
1-2: Ball
2-2: Foul Ball, location: 9LSF
2-2: Ground out 6-3 (Groundball, 6, EV 90.6 MPH)
Batting: LHB Martin Dalton 0-0: Ground out U3 (Groundball, 3, EV 103.8 MPH)
Top of the 6th over - 0 runs, 0 hits, 0 errors, 0 left on base; Mission Bay 2 - Regina 6
BOTTOM OF THE 6TH
Regina Roughriders batting - Pitching for Mission Bay Mountain Ducks : RHP Steve Renko
Batting: RHB Aaron Mitchell 0-0: Ball
1-0: Ball
2-0: Ball
3-0: Called Strike
3-1: Base on Balls
Batting: RHB Ronald Lawson 0-0: Ball
Aaron Mitchell is caught stealing 2nd base 2-4
1-0: Ground out 5-3 (Groundball, 56S, EV 79.4 MPH)
Batting: LHB Will Lambert 0-0: Called Strike
0-1: Fly out, F5 (Popup, 5F, EV 66.3 MPH)
Bottom of the 6th over - 0 runs, 0 hits, 0 errors, 0 left on base; Mission Bay 2 - Regina 6
TOP OF THE 7TH
Mission Bay Mountain Ducks batting - Pitching for Regina Roughriders : LHP Javier Sandoval
Batting: RHB Daniel Bonner 0-0: Ball
1-0: Foul Ball, location: 7LSF
1-1: Called Strike
1-2: Foul Ball, location: 2F
1-2: Ball
2-2: Foul Ball, location: 9LDF
2-2: Strikes out looking
Batting: LHB Mike Fiore 0-0: Foul Ball, location: 2F
0-1: Ball
1-1: Foul Ball, location: 3F
1-2: Foul Ball, location: 25F
1-2: SOLO HOME RUN (Flyball, 9D, EV 98.8 MPH), Distance : 394 ft
Batting: RHB Mike Bishop 0-0: Ball
1-0: Ground out 4-3 (Groundball, 4M, EV 88.8 MPH)
Batting: RHB Frank Fernandez 0-0: Swinging Strike
0-1: Hit by Pitch
Batting: RHB Eric O'Neill 0-0: Ball
1-0: Called Strike
1-1: Ball
2-1: Foul Ball, location: 9LDF
2-2: Ball
3-2: Base on Balls
Frank Fernandez to second
Pitching: RHP Ric Brandon
Batting: LHB Jim Burke 0-0: Called Strike
0-1: Ball
1-1: SINGLE (Groundball, 23, EV 68.1 MPH) (infield hit)
Frank Fernandez to third
Eric O'Neill to second
Batting: RHB Jochen Blonke 0-0: Swinging Strike
0-1: Foul Ball, location: 25F
0-2: Strikes out looking
Top of the 7th over - 1 run, 2 hits, 0 errors, 3 left on base; Mission Bay 3 - Regina 6
BOTTOM OF THE 7TH
Regina Roughriders batting - Pitching for Mission Bay Mountain Ducks : RHP Steve Renko
Batting: LHB Mike Dynan 0-0: Swinging Strike
0-1: Foul Ball, location: 2F
0-2: Foul Ball, location: 7LMF
0-2: Ball
1-2: Foul Ball, location: 7LDF
1-2: Foul Ball, location: 7LDF
1-2: Strikes out swinging, 2-3 out at first.
Batting: RHB Robbie MacColl 0-0: Ball
1-0: Ball
2-0: Ball
3-0: Called Strike
3-1: Called Strike
3-2: Foul Ball, location: 2F
3-2: Strikes out looking
Batting: RHB Elwood Doiron 0-0: Foul Ball, location: 23FF
0-1: Foul Ball, location: 3FF
0-2: Fly out, F8 (Line Drive, 8LM, EV 101.9 MPH)
Bottom of the 7th over - 0 runs, 0 hits, 0 errors, 0 left on base; Mission Bay 3 - Regina 6
TOP OF THE 8TH
Mission Bay Mountain Ducks batting - Pitching for Regina Roughriders : RHP Ric Brandon
Batting: RHB Denis Menke 0-0: Foul Ball, location: 23F
0-1: Ball
1-1: Foul Ball, location: 5FF
1-2: Strikes out swinging
Batting: LHB Martin Dalton 0-0: Ball
1-0: Ball
2-0: Called Strike
2-1: Foul Ball, location: 25F
2-2: SINGLE (Groundball, 34D, EV 96.3 MPH)
Batting: RHB Daniel Bonner 0-0: Ball
1-0: Ball
2-0: Ball
3-0: Base on Balls
Martin Dalton to second
Batting: LHB Mike Fiore 0-0: Ball
1-0: Foul Ball, location: 2F
1-1: Swinging Strike
1-2: Ball
2-2: Ball
3-2: Fielders Choice at 2nd, 3-6 (Groundball, 34, EV 85.0 MPH)
Martin Dalton to third
Pinch Hitting: LHB Octávio Félix 0-0: Swinging Strike
0-1: Ball
1-1: Foul Ball, location: 25F
1-2: Foul Ball, location: 2F
1-2: TRIPLE (Line Drive, 9LD, EV 100.0 MPH)
Martin Dalton scores
Mike Fiore scores
Batting: RHB Frank Fernandez 0-0: Foul Ball, location: 2F
0-1: Ball
1-1: Ball
2-1: Fly out, F9 (Flyball, 9S, EV 73.8 MPH)
Top of the 8th over - 2 runs, 2 hits, 0 errors, 1 left on base; Mission Bay 5 - Regina 6
BOTTOM OF THE 8TH
Regina Roughriders batting - Pitching for Mission Bay Mountain Ducks : RHP Steve Renko
Now at SS: Jerry Buchek
Batting: SHB George Jenkins 0-0: Called Strike
0-1: Ball
1-1: Ball
2-1: Ball
3-1: Base on Balls
Batting: RHB Aaron Stevens 0-0: Called Strike
0-1: Bunted foul
0-2: Ball
1-2: Ball
2-2: Ball
3-2: Fly out, F8 (Flyball, 8LM, EV 88.1 MPH)
Pinch Hitting: LHB Dave Griffith 0-0: Ball
1-0: Foul Ball, location: 7LDF
1-1: Swinging Strike
1-2: Ball
2-2: Foul Ball, location: 9LDF
2-2: Strikes out swinging
Batting: RHB Aaron Mitchell 0-0: Called Strike
0-1: Ball
1-1: Ball
2-1: Fly out, F4 (Line Drive, 4M, EV 96.9 MPH)
Bottom of the 8th over - 0 runs, 0 hits, 0 errors, 1 left on base; Mission Bay 5 - Regina 6
TOP OF THE 9TH
Mission Bay Mountain Ducks batting - Pitching for Regina Roughriders : RHP Ric Brandon
Now at 1B: Tom Pierce
Now at 3B: Melvin Roberson
Now in LF: Francis Goff
Batting: RHB Eric O'Neill 0-0: Called Strike
0-1: Ground out 4-3 (Groundball, 4, EV 91.3 MPH)
Batting: LHB Jim Burke 0-0: Called Strike
0-1: Ball
1-1: Ball
2-1: Ball
3-1: Ground out 4-3 (Groundball, 4, EV 97.5 MPH)
Batting: RHB Jochen Blonke 0-0: Swinging Strike
0-1: Foul Ball, location: 7LMF
0-2: Ball
1-2: Foul Ball, location: 3SF
1-2: Foul Ball, location: 9LMF
1-2: Strikes out looking
Top of the 9th over - 0 runs, 0 hits, 0 errors, 0 left on base; Mission Bay 5 - Regina 6
Wednesday, April 3rd , 2024 - OOTP Baseball 24.8 Build 75